 Dungeon Crawl Stone Soup version 0.28-b1-70-g80dc712255 (webtiles) character file.

Game seed: 15029960378588951657

205 pkoi the Shooter (level 5, -3/60 HPs)
             Began as a Draconian Arcane Marksman on Feb 3, 2022.
             Was a Follower of Sif Muna.
             Slain by Duvessa (9 damage)
             ... on level 4 of the Dungeon.
             The game lasted 00:04:30 (4221 turns).

pkoi the Shooter (Draconian Arcane Marksman)        Turns: 4221, Time: 00:04:30

Health: -3/60      AC: 22    Str: 12    XL:     5   Next: 53%
Magic:  6/6        EV:  2    Int: 16    God:    Sif Muna [*.....]
Gold:   157        SH:  0    Dex: 11    Spells: 2/6 levels left

rFire   . . .      SeeInvis .   b - +0 club
rCold   . . .      Faith    .   (no shield)
rNeg    . . .      Spirit   .   (armour unavailable)
rPois   +          Reflect  .   (helmet currently unavailable)
rElec   .          Harm     .   (cloak currently unavailable)
rCorr   .          Rampage  .   (gloves currently unavailable)
Will    .....      NoTele   +   (boots currently unavailable)
Stlth   +.........              (no amulet)
HPRegen 0.20/turn               (no ring)
MPRegen 0.10/turn               (no ring)

@: mighty, lit by a corona, tree-form, glowing
A: stationary, stasis, torment immunity, boosted hp, AC +5, unfitting armour,
(cold-blooded)
a: Renounce Religion, Channel Magic


You were on level 4 of the Dungeon.
You worshipped Sif Muna.
Sif Muna was aware of your devotion.
You were a tree.
You visited 1 branch of the dungeon, and saw 4 of its levels.

You collected 157 gold pieces.

Inventory:

Hand Weapons
 a - a +0 shortbow
 b - a +0 club (weapon)
Missiles
 c - 40 arrows
Jewellery
 k - a ring of see invisible
Scrolls
 d - a scroll of noise {unknown}
 f - 3 scrolls of identify {unknown}
 g - 4 scrolls of teleportation {unknown}
 i - a scroll of enchant weapon {unknown}
Potions
 e - 4 potions of curing


   Skills:
 - Level 1.1 Fighting
 + Level 5.3 Bows
 - Level 1.7 Dodging
 - Level 1.0 Spellcasting
 - Level 2.6 Hexes


You had 2 spell levels left.
You knew the following spells:

 Your Spells              Type           Power      Damage    Failure   Level
a - Slow                  Hex            36%        N/A       8%          1
b - Portal Projectile     Hex/Tloc       10%        N/A       36%         3

Your spell library contained the following spells:

 Spells                   Type           Power      Damage    Failure   Level
 Magic Dart               Conj           0%         1d3       22%         1
 Searing Ray              Conj           0%         2d4       34%         2
 Inner Flame              Hex/Fire       5%         N/A       36%         3
 Cause Fear               Hex            4%         N/A       58%         4
 Fulminant Prism          Conj/Hex       2%         3d6       78%         4
 Iskenderun's Mystic Bla  Conj/Tloc      0%         2d3       92%         4
 Lee's Rapid Deconstruct  Erth           0%         3d5*      99%         5


Dungeon Overview and Level Annotations

Branches:
Dungeon (4/15)
 Temple: D:4-7

Altars:
Sif Muna
Wu Jian
Zin

Annotations:
D:4 Dowan, Duvessa


Innate Abilities, Weirdness & Mutations

You are a tree.
Your roots penetrate the ground, keeping you stationary.
You cannot be teleported.
You are immune to unholy pain and torment.
Your maximum health is greatly increased.
Your equipment is partially melded.
((Your plain brown scales are hard. (AC +5)))
You cannot fit into any form of body armour.
((You are cold-blooded and may be slowed by cold attacks.))


Message History

Dowan points at Duvessa and mumbles some strange words.
Duvessa seems to speed up.
You are already wielding that!
b - a +0 club (weapon)
Duvessa barely misses you.
It was a potion of lignification.
You turn into a tree.
Your roots penetrate the ground.
You closely miss Duvessa.
Duvessa is heavily wounded.
Duvessa hits you with a +0 short sword.
* * * LOW HITPOINT WARNING * * *
Duvessa hits you but does no damage.
You closely miss Duvessa.
Duvessa is heavily wounded.
Duvessa hits you but does no damage.
It was a potion of curing.
You feel better. Duvessa hits you with a +0 short sword.
* * * LOW HITPOINT WARNING * * *
You thump Duvessa!
Duvessa is severely wounded.
Duvessa hits you with a +0 short sword.
* * * LOW HITPOINT WARNING * * *
Dowan mumbles some strange words.
Dowan blinks!
Duvessa hits you but does no damage.
You hit Duvessa.
Duvessa is severely wounded.
Duvessa roars, "You can run, but you cannot escape us forever!"
Duvessa hits you but does no damage. Duvessa hits you with a +0 short sword.
* * * LOW HITPOINT WARNING * * *
You closely miss Duvessa. You punch Duvessa.
Duvessa is severely wounded.
Duvessa hits you but does no damage. x2
You barely miss Duvessa.
Duvessa is severely wounded.
Duvessa hits you but does no damage.
You barely miss Duvessa.
Duvessa is severely wounded.
Duvessa says, "My weaknesses are his strengths!"
Duvessa hits you with a +0 short sword!
You die...

####### #.....# ###.....#
..'.....#############
#(..(.(e#♣#........#######
((..(...#e#.....###........
........e#.#...........>...
......#.#.#.#.#..##........
.#.#.#.#.#.##.##.##......).
.#.#.#.#.#.#.#.##.##........
.#.#.#.#.#.#.##(.............
.#.#.#(#.#.#.#[##....#.......#
.#.#.#(#.#.#.#.###............#


You could see Duvessa (fast) and Dowan.

Vanquished Creatures
  A hound (D:4)
  A jelly (D:4)
  A hound zombie (D:4)
  3 gnolls (D:4)
  An adder (D:2)
  An ufetubus (D:4)
  A worm (D:3)
  2 dart slugs
  2 orcs
  16 bats
  8 endoplasms
  11 goblins
  A hobgoblin (D:1)
  2 jackals (D:4)
  9 kobolds
  A quokka (D:1)
  6 ball pythons
  4 frilled lizards
  4 rats
75 creatures vanquished.

Notes
Turn   | Place    | Note
-------+----------+-------------------------------------------
     0 | D:1      | pkoi the Draconian Arcane Marksman began the quest for the
                  | Orb.
     0 | D:1      | Reached XP level 1. HP: 16/16 MP: 2/2
   410 | D:1      | Found a faded altar of an unknown god.
   421 | D:1      | Reached skill level 2 in Bows
   611 | D:1      | Reached XP level 2. HP: 23/23 MP: 3/3
   983 | D:1      | Reached skill level 3 in Bows
  1606 | D:2      | Reached XP level 3. HP: 28/28 MP: 4/4
  2502 | D:3      | Found a shimmering blue altar of Sif Muna.
  2704 | D:3      | Became a worshipper of Sif Muna the Loreminder
  2745 | D:3      | Learned a level 3 spell: Portal Projectile
  2808 | D:3      | Reached XP level 4. HP: 27/35 MP: 5/5
  2810 | D:3      | Reached skill level 4 in Bows
  3265 | D:3      | Found a glowing silver altar of Zin.
  3266 | D:3      | Found an ornate altar of the Wu Jian Council.
  3659 | D:4      | Reached XP level 5. HP: 35/40 MP: 6/6
  3917 | D:4      | Reached * piety under Sif Muna
  3969 | D:4      | Reached skill level 5 in Bows
  4190 | D:4      | Noticed Dowan
  4191 | D:4      | Noticed Duvessa
  4221 | D:4      | Slain by Duvessa

Illustrated notes

Levels and vault maps discovered:
D:1:      dpeg_cavernosity, layout_basic, hellmonk_ecumenical_altar_blasted
D:2:      layout_basic
D:3:      layout_loops_ring, nicolae_sif_muna_condensation,
          gammafunk_temple_overflow_statue, roderic_batcave
D:4:      layout_basic, minmay_temple_entry_crystal_x, uniq_robin, uniq_duvessa

Skill      XL: |  1  2  3  4  5 |
---------------+----------------+-----
Bows           | 2 3 4 5 |  5.3
Fighting       | |  1.1
Dodging        | |  1.7
Spellcasting   | |  1.0
Hexes          | |  2.6

Action                   |  1- 3 |  4- 6 || total
-------------------------+-------+-------++-------
Melee: Club              |   175 |    30 ||   205
       Unarmed           |     5 |       ||     5
       Tailslap          |    21 |     2 ||    23
       Punch             |     3 |     1 ||     4
 Fire: Shortbow          |     9 |    82 ||    91
  Use: Potion            |       |     3 ||     3
 Stab: Sleeping          |     3 |       ||     3
Armor: Skin              |    98 |    36 ||   134
Dodge: Dodged            |   174 |    59 ||   233
